 Dungeon Crawl Stone Soup version 0.31.0-11-ge490571c62 (webtiles) character file.

Game seed: 6434372108211633380

185 qw the Shooter (level 5, 0/26 HPs)
             Began as a Spriggan Hunter on Feb 5, 2024.
             Slain by a gnoll sergeant
             ... wielding a +0 spear
              (2 damage)
             ... on level 4 of the Dungeon.
             The game lasted 00:01:28 (2236 turns).

qw the Shooter (Spriggan Hunter)                    Turns: 2236, Time: 00:01:29

Health: 0/26       AC:  3    Str:  4 (7)  XL:     5   Next: 37%
Magic:  6/6        EV: 20    Int:  7 (10) God:
Gold:   217        SH:  0    Dex: 18 (21) Spells: 4/4 levels left

rFire   . . .        a - +0 shortbow (flame)
rCold   . . .        (shield currently unavailable)
rNeg    . . .        c - +0 robe
rPois   .            (helmet restricted)
rElec   .            h - +0 cloak
rCorr   .            (gloves unavailable)
SInv    +            (boots unavailable)
Will    .....        (no amulet)
Stlth   ++           (no ring)
HPRegen 0.24/turn    (no ring)
MPRegen 0.10/turn

%: no passive effects
@: very quick
A: very small, no large weapons, unfitting armour, see invisible, speed 3
a: no special abilities


You were on level 4 of the Dungeon.
You visited 1 branch of the dungeon, and saw 4 of its levels.

You collected 217 gold pieces.


Innate Abilities, Weirdness & Mutations

You are very small and have problems with some larger weapons.
You are too small for most types of armour.
You have supernaturally acute eyesight. (SInv)
You cover ground extremely quickly. (Speed+++)


   Skills:
 - Level 2.0 Fighting
 + Level 5.6 Ranged Weapons
 - Level 5.1 Dodging
 - Level 1.5 Stealth


You had 4 spell levels left.
You didn't know any spells.
Your spell library was empty.

Inventory:

Hand Weapons
 a - a +0 shortbow of flaming (weapon)
Armour
 c - a +0 robe (worn)
 h - a +0 cloak (worn)
Wands
 f - a wand of digging (6)
 j - a wand of roots (2)
Scrolls
 d - a scroll of revelation {unknown}
Potions
 b - 2 potions of heal wounds {unknown}
 e - a potion of enlightenment
 g - 2 potions of curing
 m - a potion of resistance {unknown}

Dungeon Overview and Level Annotations

Branches:
Dungeon (4/15)
 Temple: D:4-7

Altars:

Shops:
D:2 *


Message History

The arrow hits the gnoll but does no damage.
You shoot an arrow. The arrow hits the gnoll sergeant!
The arrow burns the gnoll sergeant.
The gnoll sergeant is moderately wounded.
The gnoll sergeant completely misses you.
You shoot an arrow.
The arrow closely misses the gnoll sergeant.
The arrow closely misses the gnoll.
The arrow barely misses the gnoll.
The gnoll sergeant hits you but does no damage.
You shoot an arrow. The arrow hits the gnoll sergeant.
The arrow burns the gnoll sergeant.
The gnoll sergeant is severely wounded.
The gnoll sergeant hits you from afar with a +0 spear!
You shoot an arrow.
The arrow hits the gnoll sergeant but does no damage.
The gnoll sergeant is severely wounded.
The gnoll sergeant hits you from afar with a +0 spear.
You shoot an arrow.
The arrow hits the gnoll sergeant but does no damage.
The gnoll sergeant is severely wounded.
The gnoll sergeant hits you from afar with a +0 spear.
You shoot an arrow.
The arrow closely misses the gnoll sergeant.
The arrow hits the gnoll but does no damage.
The gnoll sergeant barely misses you.
You shoot an arrow.
The arrow closely misses the gnoll sergeant.
The arrow hits the gnoll.
The arrow burns the gnoll.
The gnoll is heavily wounded.
The gnoll sergeant hits you from afar with a +0 spear.
You shoot an arrow. The arrow hits the gnoll sergeant.
The arrow burns the gnoll sergeant.
The gnoll sergeant is severely wounded.
The gnoll sergeant hits you from afar with a +0 spear!
You shoot an arrow. The arrow hits the gnoll sergeant.
The arrow burns the gnoll sergeant.
The gnoll sergeant is almost dead.
The gnoll sergeant closely misses you.
The gnoll sergeant hits you from afar with a +0 spear.
You die...

~~.#.......#..
#~.#...#.#.###
######~.#.###.#....
#.$.#~~.#.[...#.###
#gg.#~~.#######.#
ggg#~~.........#
##g###~...#######
#~##~.~##~...#
#~~~~@~~~~...#
####.........#
#.........#
#....)....#
#.........#
#.........#
#.........#
###########


You could see a gnoll sergeant and 5 gnolls.

Vanquished Creatures
  7 gnolls
  3 adders
  A dart slug (D:3)
  2 ribbon worms
  2 orcs (D:3)
  5 bats
  4 endoplasms
  4 giant cockroaches
  9 goblins
  17 hobgoblins
  5 quokkas
  8 ball pythons
  A frilled lizard (D:1)
  5 kobolds
  6 rats
79 creatures vanquished.

Notes
Turn   | Place    | Note
-------+----------+-------------------------------------------
     0 | D:1      | qw the Spriggan Hunter began the quest for the Orb.
     0 | D:1      | Reached XP level 1. HP: 10/10 MP: 2/2
     0 | D:1      | 0 ||| qw: Version: 0.3-a-160-g6735b56
     0 | D:1      | 0 ||| qw: Game counter: 6298
     0 | D:1      | 0 ||| qw: Melee chars always use a shield: true
     0 | D:1      | 0 ||| qw: God list: Okawaru
     0 | D:1      | 0 ||| qw: Allow faded altars: false
     0 | D:1      | 0 ||| qw: Do Orc after clearing Dungeon:15 true
     0 | D:1      | 0 ||| qw: Do second Lair branch before Depths: true
     0 | D:1      | 0 ||| qw: Lair rune preference: random
     0 | D:1      | 0 ||| qw: Goals: Normal
     0 | D:1      | 0 ||| PLANNING D:1-11
    59 | D:1      | Reached skill level 3 in Dodging
   156 | D:1      | Reached XP level 2. HP: 14/14 MP: 3/3
   794 | D:1      | 794 ||| READING scroll labelled ATOATE QAGH.
   795 | D:1      | 795 ||| READING 2 scrolls labelled NEJADGH QEUSCHIWKA.
   796 | D:1      | 796 ||| READING scroll labelled ECEIMANIVO.
   796 | D:1      | 796 ||| BRANDING +0 shortbow.
   797 | D:1      | 797 ||| READING scroll labelled VAGYBEMISA.
   798 | D:1      | 798 ||| READING 2 scrolls labelled XIKHYT PAAHIR.
   798 | D:1      | 798 ||| IDENTIFYING 3 fuming black potions
   799 | D:1      | 799 ||| READING scroll of identify.
   799 | D:1      | 799 ||| IDENTIFYING scroll labelled POYRAH GIATYTI
   800 | D:1      | 800 ||| READING 2 scrolls labelled WOXTONK COAW KAZI.
   801 | D:1      | 801 ||| DROPPING scroll of butterflies.
   802 | D:1      | 802 ||| DROPPING scroll of poison.
   803 | D:1      | 803 ||| DROPPING scroll of immolation.
   804 | D:1      | 804 ||| DROPPING scroll of fog.
   806 | D:1      | 806 ||| Stepping ~*~*~tactically~*~*~ (cloud).
   807 | D:1      | 807 ||| DRINKING 3 potions of curing.
   807 | D:1      | 807 ||| (to cure poison)
   810 | D:1      | 810 ||| Stepping ~*~*~tactically~*~*~ (cloud).
   811 | D:1      | 811 ||| DRINKING 2 potions of curing.
   811 | D:1      | 811 ||| (to cure poison)
   845 | D:2      | 845 ||| STAIRDANCE
   853 | D:2      | 853 ||| STAIRDANCE
   859 | D:2      | Reached XP level 3. HP: 15/18 MP: 4/4
   922 | D:2      | HP: 3/18 [poisoned by an adder]
   923 | D:2      | 923 ||| DRINKING 2 potions of curing.
   923 | D:2      | 923 ||| (to cure poison)
   962 | D:2      | Found Soamm's Assorted Antiques.
   971 | D:2      | 971 ||| SHOPLISTING green potion (27 gold, have 18).
   971 | D:2      | 971 ||| SHOPLISTING ivory wand (120 gold, have 18).
   971 | D:2      | 971 ||| SHOPLISTING orange potion (27 gold, have 18).
   971 | D:2      | 971 ||| SHOPLISTING potion of curing (90 gold, have 18).
   971 | D:2      | 971 ||| SHOPLISTING vibrating silver ring (150 gold, have
                  | 18).
  1176 | D:2      | Reached XP level 4. HP: 22/22 MP: 5/5
  1680 | D:3      | Reached XP level 5. HP: 26/26 MP: 6/6
  1716 | D:3      | Found a faded altar of an unknown god.
  2054 | D:3      | 2054 ||| UPGRADING to +0 cloak.
  2059 | D:3      | 2059 ||| READING 2 scrolls of identify.
  2059 | D:3      | 2059 ||| IDENTIFYING ruby potion
  2060 | D:3      | 2060 ||| READING scroll of identify.
  2060 | D:3      | 2060 ||| IDENTIFYING orange potion
  2061 | D:3      | 2061 ||| READING scroll labelled UDECUO CEBBAMA.
  2062 | D:3      | 2062 ||| READING scroll labelled CIMEYRRIFANT.
  2067 | D:3      | 2067 ||| DRINKING 2 green potions.
  2068 | D:3      | 2068 ||| DRINKING potion of curing.
  2068 | D:3      | 2068 ||| (to cure confusion)
  2069 | D:3      | 2069 ||| DRINKING 2 glowing dark potions.
  2070 | D:3      | 2070 ||| DROPPING potion of ambrosia.
  2071 | D:3      | 2071 ||| DROPPING potion of attraction.
  2072 | D:3      | 2072 ||| DROPPING potion of degeneration.
  2226 | D:4      | 2226 ||| RETREEEEATING.
  2235 | D:4      | HP: 2/26 [gnoll sergeant/+0 spear (8)]
  2236 | D:4      | Slain by a gnoll sergeant

Levels and vault maps discovered:
D:1:      wheals_arrival_shading, layout_basic, minmay_curled_crystal,
          minmay_indecisive_spiral
D:2:      layout_basic, serial_shops, shop, dreamdust_princess_corridor
D:3:      cheibrodos_greedy_goblins, layout_rooms,
          shapermc_ecumenical_altar_pompeii, chequers_serial_rivers_large_b,
          minmay_fractal_squares_diagonal_5
D:4:      layout_basic, nicolae_overflow_hidden_temple, lightli_minifort

Skill      XL: |  1  2  3  4 |
---------------+-------------+-----
Dodging        | 3 4 5 |  5.1
Ranged Weapons | 5 |  5.6
Fighting       | 2 |  2.0
Stealth        | |  1.5

Action                     |  1- 3 |  4- 6 || total
---------------------------+-------+-------++-------
   Fire: Shortbow          |   100 |   103 ||   203
    Use: Scroll            |     7 |     4 ||    11
         Potion            |     3 |     3 ||     6
 Armour: Robe              |    13 |    13 ||    26
  Dodge: Dodged            |    37 |    19 ||    56

Table legend:
 A = Non-vault XP
 B = Vault XP
 C = Vault XP percentage of total XP
 D = Non-vault monster count
 E = Vault monster count
 F = Vault count percentage of total count
                 A         B        C        D         E       F
            +---------+---------+-------+---------+---------+-------
      Total |     226 |      39 |  14.7 |      60 |      19 |  24.1
            +---------+---------+-------+---------+---------+-------
        D:1 |      31 |       7 |  18.4 |      18 |       4 |  18.2
        D:2 |     100 |       0 |   0.0 |      23 |       0 |   0.0
        D:3 |      91 |      32 |  26.0 |      17 |      15 |  46.9
        D:4 |       4 |       0 |   0.0 |       2 |       0 |   0.0
            +---------+---------+-------+---------+---------+-------
